 Dungeon Crawl Stone Soup version 0.18.1-50-g88ac8fd (webtiles) character file.

125 varam the Ruffian (level 5, -4/33 HPs)
             Began as a Gargoyle Monk on Oct 22, 2016.
             Killed from afar by an orc wizard (10 damage)
             ... with a magic dart
             ... on level 3 of the Dungeon.
             The game lasted 00:05:57 (2097 turns).

varam the Ruffian (Gargoyle Monk)                   Turns: 2097, Time: 00:05:57

Health: -4/33      AC:  7    Str: 16    XL:     5   Next: 9%
Magic:  5/5        EV: 12    Int: 10    God:
Gold:   131        SH:  0    Dex: 12    Spells: 0 memorised, 4 levels left

rFire  . . .     SeeInvis .       - Unarmed
rCold  . . .     Gourm    .     a - +0 robe
rNeg   + . .     Faith    .     (no shield)
rPois  ∞         Spirit   .     (no helmet)
rElec  +         Dismiss  .     (no cloak)
rCorr  .         Reflect  .     i - +0 pair of gloves
SustAt .         Harm     .     (no boots)
MR     .....                    (no amulet)
Stlth  ++........               (no ring)
                                (no ring)

@: not resistant to hostile enchantments, unstealthy
A: negative energy resistance 1, electricity resistance, unbreathing,
petrification resistance, rot immunity, AC +4
a: no special abilities


You were on level 3 of the Dungeon.
You were hungry.

You visited 1 branch of the dungeon, and saw 3 of its levels.

You collected 131 gold pieces.

Inventory:

Hand Weapons
 m - a +0 club
Armour
 a - a +0 robe (worn)
 i - a +0 pair of gloves (worn)
Scrolls
 c - a scroll of magic mapping {unknown}
 g - a scroll of identify {unknown}
 j - 2 scrolls of teleportation {unknown}
 p - a scroll of fear {unknown}
Potions
 d - a potion of cure mutation {unknown}
 e - a potion of resistance {unknown}
 f - a potion of agility {unknown}
 h - a potion of flight {unknown}
 l - a potion of degeneration {unknown}
Comestibles
 b - a bread ration
 n - a beef jerky
 o - a meat ration


   Skills:
 + Level 4.1 Fighting
 - Level 2.4 Dodging
 - Level 2.1 Stealth
 + Level 5.7 Unarmed Combat


You had 4 spell levels left.
You didn't know any spells.

Dungeon Overview and Level Annotations

Branches:
Dungeon (3/15)

Altars:
Okawaru
Pakellas
Trog


Innate Abilities, Weirdness & Mutations

You are resistant to torment.
Your stone body is resilient (AC +4).
You are immune to poison.
You resist negative energy.
You are resistant to electric shocks.
You can survive without breathing.
You are immune to petrification.
You are immune to rotting.


Message History

You closely miss the orc. The orc misses you.
You hit the orc.
The orc is moderately wounded.
The orc hits you.
* * * LOW HITPOINT WARNING * * *
The orc wizard mumbles some strange words.
The orc wizard flickers and vanishes!
Deactivating autopickup; reactivate with Ctrl-A.
You see here 5 fruits.
You hear some strange, mumbled words.
Found a stone staircase leading down.
The orc barely misses you.
Found a bread ration.
You hear the slow rusting of a very distant drain.
A magic dart appears from out of thin air!
The magic dart hits you!
* * * LOW HITPOINT WARNING * * *
A magic dart appears from out of thin air!
The magic dart hits you!
You die...

#.# # #######.# #
#..
.......#########
..#
##............o. ..
...........#####
#.. .#$........{o†
#.. #.#.#.###.#####
.###.%####.#.#.#
#.#
.......@.#.#.#.#
#.#
.###.........#.#
#.#
......#..o.#.#.#
#o#
.###...o...#.#.#
#.# #......#.#.#.#
#%#
#.#..........###.#
#......#.#.......#
........#.#.#.#####
.....#.#.#.#.###


You could see 2 orcs.

Vanquished Creatures
  An orc priest (D:3)
  3 adders (D:2)
  2 worms (D:2)
  A giant cockroach (D:1)
  8 goblins
  6 hobgoblins
  12 jackals
  10 kobolds
  6 bats
  3 giant newts
  7 rats
59 creatures vanquished.

Notes
Turn   | Place    | Note
--------------------------------------------------------------
     0 | D:1      | varam the Gargoyle Monk began the quest for the Orb.
     0 | D:1      | Reached XP level 1. HP: 14/14 MP: 1/1
   285 | D:1      | Found an oddly glowing altar of Pakellas.
   285 | D:1      | Found an iron altar of Okawaru.
   315 | D:1      | Reached XP level 2. HP: 17/19 MP: 2/2
   880 | D:1      | Reached XP level 3. HP: 23/23 MP: 3/3
  1184 | D:2      | Reached skill level 5 in Unarmed Combat
  1495 | D:2      | Reached XP level 4. HP: 28/28 MP: 4/4
  1818 | D:2      | Found a bloodstained altar of Trog.
  2067 | D:3      | Reached XP level 5. HP: 18/33 MP: 5/5
  2097 | D:3      | Killed from afar by an orc wizard

Skill      XL: |  1  2  3  4 |
---------------+-------------+-----
Unarmed Combat | 5 |  5.7
Fighting       | 4 |  4.1
Dodging        | |  2.4
Stealth        | |  2.1

Action                   |  1- 3 |  4- 6 || total
-------------------------+-------+-------++-------
Melee: Unarmed           |   130 |    78 ||   208
       Punch             |     2 |     3 ||     5
 Stab: Sleeping          |     2 |     1 ||     3
       Distracted        |     1 |       ||     1
  Eat: Chunk             |     2 |     1 ||     3
Armor: Robe              |    46 |    30 ||    76
Dodge: Dodged            |    91 |    42 ||   133
